 Dungeon Sprint DCSS version 0.31-a0-38-g1548c4f2a5 (webtiles) character file.

Game seed: 10455617844281015749

2 fozzywoppz the Vexing (level 1, -1/16 HPs)
             Began as an Ogre Enchanter on May 16, 2023.
             Slain by Jessica
             ... wielding a +2 dagger of distortion
              (2 damage)
             ... in the Dungeon (Sprint III: "The Ten Rune Challenge").
             The game lasted 00:00:48 (33 turns).

fozzywoppz the Vexing (Ogre Enchanter)                Turns: 33, Time: 00:00:48

Health: -1/16      AC:  3    Str: 11    XL:     1   Next: 30%
Magic:  4/4        EV: 10    Int: 16    God:
Gold:   0          SH:  0    Dex:  9    Spells: 5/5 levels left

rFire   . . .        a - +1 dagger
rCold   . . .        (no shield)
rNeg    . . .        b - +0 robe
rPois   .            (helmet restricted)
rElec   .            (no cloak)
rCorr   .            (gloves unavailable)
SInv    .            (boots unavailable)
Will    .....        (no amulet)
Stlth   ++           (no ring)
HPRegen 0.22/turn    (no ring)
MPRegen 0.09/turn

%: no teleportation
@: no status effects
A: large, unfitting armour, tough skin 1
a: no special abilities


You were in the Dungeon.
You visited 1 branch

Inventory:

Hand Weapons
 a - a +1 dagger (weapon)
Armour
 b - a +0 robe (worn)
Scrolls
 i - a scroll of blinking
Potions
 c - 2 potions of invisibility
 d - a potion of curing
 e - a potion of heal wounds
 f - a potion of haste
 g - 2 potions of magic
 h - a potion of berserk rage


   Skills:
 - Level 0.8 Short Blades
 + Level 2.1 Dodging
 + Level 2.4 Stealth
 + Level 2.7 Spellcasting
 + Level 2.9 Hexes


You had 5 spell levels left.
You didn't know any spells.
Your spell library contained the following spells:

 Spells                   Type           Power      Damage    Failure   Level
 Ensorcelled Hibernation  Hex/Ice        12%        N/A       16%         2
 Confusing Touch          Hex            11%        N/A       17%         3
 Tukima's Dance           Hex            11%        N/A       17%         3
 Dazzling Flash           Conj/Hex       12%        N/A       30%         3


Dungeon Overview and Level Annotations

Branches:
Dungeon (1/1)

Altars:

Annotations:
D Jessica


Innate Abilities, Weirdness & Mutations

You are too large for most types of armour.
You have tough skin. (AC +1)


Message History

Welcome, fozzywoppz the Ogre Enchanter.
Press ? for a list of commands and other information.
Found a staircase leading out of the dungeon.
A rat comes into view.
You closely miss the rat. The rat barely misses you.
You hit the rat but do no damage. The rat completely misses you.
You barely miss the rat. The rat bites you but does no damage.
You hit the rat.
The rat is heavily wounded.
The rat barely misses you.
You hit the rat.
You kill the rat!
An endoplasm comes into view.
Found a pair of gloves.
The helpless endoplasm fails to defend itself.
You puncture the endoplasm!
You kill the endoplasm!
Your Dodging skill increases to level 2!
You see here a +0 pair of gloves.
j - a +0 pair of gloves
Okay, then.
You drop a +0 pair of gloves.
Found a leather armour.
Jessica the Apprentice Sorceress comes into view.
She is wielding a +2 dagger of distortion.
Jessica shouts!
You closely miss Jessica. Jessica completely misses you.
You hit Jessica.
Jessica is lightly wounded.
Jessica casts a spell at you. Pain shoots through your body!
Ouch! That really hurt!
You barely miss Jessica.
Jessica is lightly wounded.
Jessica hits you with a +2 dagger of distortion.
* * * LOW HITPOINT WARNING * * *
Space warps around you.
You die...

▓▓▓▓▓▓▓▓▓
▓<..#[..####
▓...#......##
▓..##...@@..#
▓##.##.##...#
##.##.###..#
▓#.####.# ..#
▓.###..## ##
▓#...[.#
###..##
##..## #..##


You could see Jessica.

Vanquished Creatures
  An endoplasm (D)
  A rat (D)
2 creatures vanquished.

Notes
Turn   | Place    | Note
-------+----------+-------------------------------------------
     0 | D        | fozzywoppz the Ogre Enchanter began the quest for the Orb.
     0 | D        | Reached XP level 1. HP: 16/16 MP: 3/3
    29 | D        | Noticed Jessica
    33 | D        | Slain by Jessica

Illustrated notes

Levels and vault maps discovered:
D:        dungeon_sprint_mu [sprint_mu_entry_cave, sprint_mu_temple_rooms,
          sprint_mu_d1_spiders, sprint_mu_d2_genie, sprint_mu_d3_branching,
          sprint_mu_orc_legion, sprint_mu_elf_gauntlet, sprint_mu_hive_nellie,
          sprint_mu_lair_fedhas, sprint_mu_vaults_butterflies,
          sprint_mu_slime_circle, sprint_mu_swamp_cave, sprint_mu_snake_twists,
          sprint_mu_blade_basic, sprint_mu_crypt_chambers,
          sprint_mu_tomb_spiral, sprint_mu_vestibule_basic,
          sprint_mu_gehenna_hellfire, sprint_mu_dis_giant,
          sprint_mu_tartarus_statrot, sprint_mu_cocytus_islands, sprint_mu_zot1]

Skill      XL: |  1 |
---------------+----+-----
Dodging        | 2 |  2.1
Short Blades   | |  0.8
Stealth        | |  2.4
Spellcasting   | |  2.7
Hexes          | |  2.9

Action                     || total
---------------------------++-------
  Melee: Dagger            ||     9
   Stab: Sleeping          ||     1
 Armour: Robe              ||     1
  Dodge: Dodged            ||     4

Table legend: (Time is in decaauts)
 A = Elapsed time spent in this place.
 B = Non-inter-level travel time spent in this place.
 C = Inter-level travel time spent in this place.
 D = Time resting spent in this place.
 E = Time spent auto-exploring this place.
 F = Levels seen in this place.
 G = Mean time per level.
                   A        B        C        D        E       F      G
               +--------+--------+--------+--------+--------+-----+--------+
         Total |     32 |     32 |      0 |      0 |      0 |   1 |   32.0 |
       Dungeon |     32 |     32 |      0 |      0 |      0 |   1 |   32.0 |
               +--------+--------+--------+--------+--------+-----+--------+

Top non-repeatable levels by time:
       D: 32 daAuts
